[Event "Early-Titled-Tuesday-Blitz-April-16-2024"]
[Site "Chess.com"]
[Date "2024.04.16"]
[Round "4"]
[White "El_Matador12"]
[Black "Donskov_AN"]
[Result "0-1"]
[WhiteElo "2554"]
[BlackElo "2376"]
[TimeControl "180+1"]
[EndTime "8:39:52 PDT"]
[Termination "Donskov_AN won on time"]

1. d4 Nf6 2. Bg5 c5 3. dxc5 Qa5+ 4. Nd2 Qxc5 5. Ngf3 Nc6 6. e4 d6 7. Be2 e6 8. O-O Be7 9. c3 O-O 10. h3 Qa5 11.
Nc4 Qc7 12. Bxf6 gxf6 13. Qd2 Rd8 14. Qh6 Ne5 15. Ne3 Nxf3+ 16. Bxf3 Qc5 17. h4 Bd7 18. Rad1 Bb5 19. Rfe1 Bc6 20. Ng4 a5 21. Nxf6+ Bxf6 22. Qxf6 Qe5 23. Qg5+ Qxg5 24. hxg5 Kg7 25. Rd2 Kg6 26. Red1 Kxg5 27. Rxd6 Rxd6 28. Rxd6 h5 29. g3 h4 30. gxh4+ Kxh4 31. Kf1 Kg5 32. Ke2 Kf4 33.
c4 Re8 34. b3 f5 35. Rd1 fxe4 36. Bg2 Rg8 37. Bh3 Rg6 38. Rd8 Rh6 39. Rf8+ Ke5 40. Bf1 Rh2 41. Ke3 Rh1 42. Be2 Ra1 43. a4 Rb1 44.
Ra8 Rxb3+ 45. Kd2 Rb2+ 46. Ke3 b6 47. Rc8 Bxa4 48. c5 Rc2 0-1

[Event "Early-Titled-Tuesday-Blitz-April-16-2024"]
[Site "Chess.com"]
[Date "2024.04.16"]
[Round "4"]
[White "IshviAggarwal"]
[Black "GAO"]
[Result "1/2-1/2"]
[WhiteElo "2136"]
[BlackElo "2325"]
[TimeControl "180+1"]
[EndTime "8:39:52 PDT"]
[Termination "Game drawn by agreement"]

1. e4 c5 2. Nc3 Nc6 3. f4 g6 4.
Nf3 Bg7 5. Bc4 e6 6. O-O Nge7 7. d3 d5 8. Bb3 O-O 9. a3 Rb8 10. Qe1 b5 11. Qh4 c4 12. Ba2 a5 13. Bb1 b4 14.
axb4 axb4 15. Na4 Ra8 16. c3 bxc3 17. bxc3 cxd3 18. Bxd3 dxe4 19. Bxe4 Bb7 20. Be3 Nf5 21. Bxf5 Qxh4 22. Nxh4 exf5 23. Nc5 Rxa1 24. Rxa1 Bc8 25.
Nf3 Re8 26. Bd4 Bf8 27. Ra8 Bd7 28. Rxe8 Bxe8 29. Ne5 Nxe5 30. fxe5 Bxc5 31. Bxc5 Bc6 32. g3 Kg7 33. Kf2 g5 34. Be7 Kg6 35. Ke3 h5 36. h4 f4+ 37. gxf4 g4 38. Kf2 Kf5 39. Kg3 Ke4 40.
Bb4 Bd7 41. Ba5 Bc6 42. Bd8 Bd5 43. Bg5 Be6 44. Be7 Kd3 45. Bb4 Ke4 46. Ba5 1/2-1/2

[Event "Early-Titled-Tuesday-Blitz-April-16-2024"]
[Site "Chess.com"]
[Date "2024.04.16"]
[Round "4"]
[White "djano"]
[Black "vladislavkovalev"]
[Result "0-1"]
[WhiteElo "2599"]
[BlackElo "2877"]
[TimeControl "180+1"]
[EndTime "8:39:53 PDT"]
[Termination "vladislavkovalev won on time"]

1. e4 e5 2. Nf3 Nc6 3. d4 exd4 4.
Bc4 Nf6 5. O-O Nxe4 6. Re1 d5 7.
Bxd5 Qxd5 8. Nc3 Qa5 9. Nxe4 Be6 10. Bd2 Qf5 11. b4 Be7 12. a4 Rd8 13. b5 Ne5 14. Nxe5 Qxe5 15. Ng5 Qf5 16. Nxe6 fxe6 17. Qe2 Kf7 18.
Rab1 Rhe8 19. Rb3 Bf6 20. Rf3 Qxc2 21. Rc1 Qg6 22. Rxc7+ Re7 23. Rxe7+ Kxe7 24. h4 Rd5 25. g3 Qb1+ 26. Kg2 h6 27. Qc4 Kd7 28. Ba5 b6 29. Qc6+ Ke7 30. Bd2 Qe4 31. Qb7+ Ke8 32. Bf4 d3 33.
Bd6 d2 34. Qc8+ Kf7 35. Qd7+ Kg6 36. h5+ Kh7 0-1

[Event "Early-Titled-Tuesday-Blitz-April-16-2024"]
[Site "Chess.com"]
[Date "2024.04.16"]
[Round "4"]
[White "sathvikadiga"]
[Black "michaelskie11"]
[Result "1-0"]
[WhiteElo "2591"]
[BlackElo "2379"]
[TimeControl "180+1"]
[EndTime "8:39:53 PDT"]
[Termination "sathvikadiga won by resignation"]

1. e4 e6 2. d4 d5 3. Bd3 c5 4. exd5 exd5 5. Nf3 c4 6. Be2 Bd6 7. O-O Ne7 8. b3 b5 9. a4 a6 10.
axb5 cxb3 11. cxb3 O-O 12. Nc3 Bb7 13. bxa6 Nxa6 14. Ne5 Nb4 15. Rxa8 Qxa8 16. Be3 Nf5 17. Qd2 Rc8 18. Nb5 Bf8 19. Rc1 Rxc1+ 20. Qxc1 Qa2 21.
Bd1 Nxe3 22. Qxe3 Qb1 23. Qd2 Ba6 24. Nc3 Qa1 25. g3 h6 26. Kg2 Bd6 27. Be2 Bxe2 28. Nxe2 Bxe5 29. Qxb4 Bf6 30. Qd2 Qb1 31. Qe3 Bg5 32.
Qf3 Bf6 33. Qxd5 g6 34. f3 Kg7 35. Qc4 h5 36. h4 Qb2 37. b4 Kg8 38. d5 Be5 39. b5 Kg7 40. Kf2 Bb8 41. Qd4+ Qxd4+ 42. Nxd4 1-0

[Event "Early-Titled-Tuesday-Blitz-April-16-2024"]
[Site "Chess.com"]
[Date "2024.04.16"]
[Round "4"]
[White "Aygehovit1992"]
[Black "Likvidator228"]
[Result "0-1"]
[WhiteElo "2723"]
[BlackElo "2561"]
[TimeControl "180+1"]
[EndTime "8:39:54 PDT"]
[Termination "Likvidator228 won by checkmate"]

1. e4 c5 2. Nf3 g6 3. c3 Bg7 4. d4 cxd4 5. cxd4 d5 6. e5 a6 7. Bd3 Bg4 8. Nbd2 Nc6 9. h3 Bxf3 10.
Nxf3 e6 11. O-O h6 12. b4 Nxb4 13. Qa4+ Nc6 14. Rb1 b5 15. Qc2 Nge7 16. a4 b4 17. Bd2 a5 18. Bb5 Rc8 19. Rfc1 O-O 20. Qd3 Qb6 21. g4 Na7 22. Ba6 Rxc1+ 23. Rxc1 Rb8 24. Be3 Bf8 25. Nd2 b3 26. Rb1 b2 27. Bb5 Nec6 28. Rxb2 Nb4 29. Qb1 Nxb5 30. axb5 Qxb5 31. Qa1 a4 32. Nb1 Ra8 33. Bd2 Qc4 34. Na3 Qxd4 35.
Bxb4 Bxb4 36. Nc2 Qc3 37. Nxb4 a3 38. Rb1 Qxh3 39. Nc2 Qxg4+ 40. Kh2 Qf4+ 41. Kg1 Qg5+ 42. Kf1 Qh4 43. Ne3 a2 44. Rc1 d4 45. Nd1 d3 46.
Nc3 Qh1# 0-1

[Event "Early-Titled-Tuesday-Blitz-April-16-2024"]
[Site "Chess.com"]
[Date "2024.04.16"]
[Round "4"]
[White "CrushingKings"]
[Black "BardArtem"]
[Result "0-1"]
[WhiteElo "2601"]
[BlackElo "2858"]
[TimeControl "180+1"]
[EndTime "8:39:55 PDT"]
[Termination "BardArtem won on time"]

1. Nf3 d5 2. g3 Nd7 3. d4 e6 4.
Bg2 Ngf6 5. O-O c6 6. b3 Bd6 7. Bb2 Ne4 8. Nfd2 Nxd2 9. Nxd2 O-O 10. e4 b6 11. c4 Bb7 12. Re1 Rc8 13. Qe2 Re8 14. Rad1 Qc7 15. Qd3 Ba6 16. Qf3 Bb4 17.
Bc3 Bxc3 18. Qxc3 dxc4 19. bxc4 e5 20. d5 cxd5 21. exd5 Bxc4 22. d6 Qc5 23. Bh3 Be6 24. Qxc5 Nxc5 25. Bxe6 Rxe6 26. Nc4 f6 27. f4 exf4 28.
gxf4 Rd8 29. f5 Rxe1+ 30. Rxe1 b5 31. Na3 a6 32. Rc1 Ne4 33. d7 Rxd7 34. Rc8+ Kf7 35.
Nc2 Nd6 36. Ra8 Nxf5 37. Nb4 Rd2 38. Rxa6 Nd4 39. h3 g5 40. Kf1 Nf3 41. Ra3 Ne5 42. Rb3 h5 43. Na6 g4 44. hxg4 hxg4 45. Nc5 Rxa2 46. Rxb5 g3 0-1

[Event "Early-Titled-Tuesday-Blitz-April-16-2024"]
[Site "Chess.com"]
[Date "2024.04.16"]
[Round "4"]
[White "AlessiaSanteramo"]
[Black "dosto07"]
[Result "0-1"]
[WhiteElo "2318"]
[BlackElo "2519"]
[TimeControl "180+1"]
[EndTime "8:39:55 PDT"]
[Termination "dosto07 won by resignation"]

1. e4 e5 2. Nf3 Nc6 3. Bb5 a6 4. Ba4 Nf6 5. O-O Be7 6. Re1 b5 7. Bb3 d6 8. c3 O-O 9. d4 Bg4 10.
d5 Na5 11. h3 Nxb3 12. axb3 Bh5 13. Nbd2 h6 14. Nf1 c6 15. dxc6 Qc7 16. Ng3 Bg6 17.
Nh4 Qxc6 18. Qf3 Nd7 19. Nxg6 fxg6 20. Qg4 Kh7 21. Be3 Nf6 22. Qf3 Nh5 23. Qg4 Nf4 24.
Bxf4 Rxf4 25. Qe6 Bh4 26. Rad1 Rf6 27. Qg4 Bxg3 28. Qxg3 Raf8 29. f3 b4 30. c4 a5 31.
Rd5 a4 32. bxa4 Qxc4 33. Red1 Qc2 34. Rxd6 Qxb2 35. a5 Rxd6 36. Rxd6 Qa1+ 37. Kh2 Qxa5 38. Qxg6+ Kh8 39. Rd7 Rg8 40. Rd5 Qc7 41. Rb5 Qc3 42. Qb6 Qd2 43. Rxb4 Qf4+ 44. Kg1 Qc1+ 45. Kf2 Qd2+ 46.
Kg1 Rc8 47. Rb1 Rc2 48. Qb8+ Kh7 0-1

[Event "Early-Titled-Tuesday-Blitz-April-16-2024"]
[Site "Chess.com"]
[Date "2024.04.16"]
[Round "4"]
[White "Acva-Alenok"]
[Black "lcmil"]
[Result "0-1"]
[WhiteElo "2306"]
[BlackElo "2506"]
[TimeControl "180+1"]
[EndTime "8:39:55 PDT"]
[Termination "lcmil won on time"]

1. d4 Nf6 2. c4 e6 3. Nf3 c5 4. d5 b5 5. Bg5 bxc4 6. Nc3 Bb7 7. e4 h6 8. Bxf6 Qxf6 9. Bxc4 Qd8 10. Qd3 Be7 11.
d6 Bh4 12. g3 Bf6 13. e5 Bxe5 14. Nxe5 Bxh1 15. f3 Qf6 16. Qe4 Nc6 17. Bb5 Qxe5 18.
Bxc6 Qxe4+ 19. Bxe4 Rb8 20. O-O-O f5 21. Rxh1 fxe4 22.
Nxe4 O-O 23. f4 Rf5 24. Rd1 Rd5 25. Rxd5 exd5 26. Nc3 Rb6 27. Nxd5 Rxd6 28. Ne3 Rd4 29. Kc2 Kf7 30. Nf5 Rc4+ 31. Kd2 Kf6 32. b3 Re4 33. Ne3 Ke6 34. Kd3 d5 35. Ng4 Re1 36. Ne3 Ra1 37. a3 Rxa3 0-1

[Event "Early-Titled-Tuesday-Blitz-April-16-2024"]
[Site "Chess.com"]
[Date "2024.04.16"]
[Round "4"]
[White "SpeedofLight0"]
[Black "Nf3c5"]
[Result "1-0"]
[WhiteElo "3076"]
[BlackElo "2612"]
[TimeControl "180+1"]
[EndTime "8:39:56 PDT"]
[Termination "SpeedofLight0 won by resignation"]

1. d4 Nf6 2. Nc3 d5 3. Bf4 g6 4. Nb5 Na6 5. e3 Bg7 6. Nc3 O-O 7. Bxa6 bxa6 8. Nf3 c5 9. dxc5 Qa5 10. Be5 Qxc5 11. O-O Rd8 12. Qd4 Qc6 13. h3 Bf5 14. Rac1 Bf8 15. Bxf6 exf6 16. Qa4 Qb7 17. Qb3 Rab8 18. Nd4 Be6 19. Qxb7 Rxb7 20. Na4 Rc8 21. b3 Bd7 22. Nb2 Ba3 23. Rb1 Rbc7 24. Rfd1 Bc5 25. c4 dxc4 26. Nxc4 Bb5 27. Nd2 Bxd4 28. exd4 Rc2 29. Ne4 Be2 30. Rd2 Rxd2 31. Nxd2 Rd8 32. Re1 Bd3 33. Nf3 Kf8 34. Re3 Bb1 35. Re2 Bd3 36. Rd2 Be4 37.
Ne1 Ke7 38. f3 Bd5 39. Kf2 Kd6 40. Nc2 a5 41. Ne3 Rc8 42. Rc2 Rb8 43. Rc5 Bc6 44. Rxa5 Rb7 45. Ra6 Kd7 46. d5 Bb5 47. Rxf6 Ke7 48.
Rf4 f5 49. Rb4 Kd6 50. a4 Ba6 51. Rxb7 Bxb7 52. f4 Kc5 53. Ke2 Kb4 54. d6 Bc6 55. Nc4 Kxb3 56. Na5+ Kxa4 57. Nxc6 1-0

[Event "Early-Titled-Tuesday-Blitz-April-16-2024"]
[Site "Chess.com"]
[Date "2024.04.16"]
[Round "4"]
[White "ExchangeAB"]
[Black "VD_coach"]
[Result "0-1"]
[WhiteElo "2435"]
[BlackElo "2646"]
[TimeControl "180+1"]
[EndTime "8:39:56 PDT"]
[Termination "VD_coach won by resignation"]

1. d4 Nf6 2. Nf3 g6 3. c4 Bg7 4. g3 O-O 5. Bg2 d6 6. O-O Nbd7 7. Nc3 e5 8. h3 Re8 9. Bg5 h6 10. Bxf6 Bxf6 11. e3 exd4 12. Nxd4 a6 13. Nd5 Bg7 14. Rc1 c6 15. Nf4 a5 16. b3 Nc5 17. Nd3 Qe7 18. Nxc5 dxc5 19. Nf3 Bf5 20. Qe2 a4 21. Nh4 Be6 22.
Rb1 axb3 23. axb3 Ra3 24. e4 Rea8 25. Rfd1 Ra2 26. Rd2 Rxd2 27. Qxd2 Rd8 28. Qe2 Qd7 29. g4 Qd2 30. Qxd2 Rxd2 31. Nf3 Ra2 32. Rd1 Ra1 33. Rxa1 Bxa1 34. Bf1 Bc3 35. Bd3 b5 36. Kf1 Kf8 37.
Ng1 Ke7 38. Ne2 Bb2 39. Nf4 Bd7 40. Ke2 Kd6 41. Ng2 Ke5 42. Ke3 Bc1+ 43. Ke2 Kd4 44.
Ne1 Kc3 45. cxb5 cxb5 46. Bc2 Bd2 47. Bd1 Bxe1 48. Kxe1 Be6 49. f4 Bxb3 50. Be2 b4 51. e5 Be6 0-1

[Event "Early-Titled-Tuesday-Blitz-April-16-2024"]
[Site "Chess.com"]
[Date "2024.04.16"]
[Round "4"]
[White "koncheto"]
[Black "lamomiajunior"]
[Result "0-1"]
[WhiteElo "2553"]
[BlackElo "2746"]
[TimeControl "180+1"]
[EndTime "8:39:57 PDT"]
[Termination "lamomiajunior won by resignation"]

1. e4 c5 2. d4 cxd4 3. c3 d5 4. exd5 Qxd5 5. cxd4 Nc6 6. Nf3 e5 7. dxe5 Qxd1+ 8. Kxd1 Bg4 9. Be2 O-O-O+ 10. Ke1 Bxf3 11. Bxf3 Nxe5 12. Be2 Bb4+ 13. Bd2 Bxd2+ 14. Nxd2 Nf6 15. Rd1 Rhe8 16. Kf1 Nd3 17. Nc4 Nf4 18. Ne3 Rxd1+ 19. Bxd1 Nd3 20. b3 Ne4 21. Ke2 Ndxf2 22. Rf1 Nxd1 23. Kxd1 f6 24. Kc2 Nc5 25. Kd2 g6 26. Nc4 Kc7 27. Kc2 Re2+ 28. Kc3 Rxg2 29. Kb4 Ne4 30. Rf4 f5 31. h4 b6 32. Rf3 Rxa2 33.
Rd3 Kc6 34. Ne5+ Kc7 35. Rd7+ Kc8 36. Rxh7 a6 37. Nxg6 Kd8 38. Rf7 Nd6 39. Rf6 Kd7 40. h5 Rh2 41. Nf4 Rh4 42. h6 Rxf4+ 43. Ka3 Rh4 44. Rg6 f4 45. b4 f3 46. b5 axb5 47.
Rg1 Rxh6 48. Ka2 Rh2+ 49. Ka3 f2 50. Rc1 Nc4+ 51. Kb3 Ne3 52. Ka2 f1=Q+ 53. Kb3 Qxc1 0-1

[Event "Early-Titled-Tuesday-Blitz-April-16-2024"]
[Site "Chess.com"]
[Date "2024.04.16"]
[Round "4"]
[White "schachlana"]
[Black "RedFirePanda"]
[Result "1-0"]
[WhiteElo "2306"]
[BlackElo "2479"]
[TimeControl "180+1"]
[EndTime "8:39:57 PDT"]
[Termination "schachlana won by resignation"]

1. e4 d5 2. exd5 Qxd5 3. Nc3 Qd8 4. d4 Nf6 5. g3 Bf5 6. Bg2 c6 7. Nge2 e6 8. O-O Be7 9. Be3 O-O 10. Qd2 Nbd7 11.
h3 h6 12. g4 Bh7 13. Ng3 Nb6 14. Qe2 Nbd5 15. Nxd5 Nxd5 16. c3 a5 17. Bd2 a4 18.
Ne4 a3 19. b3 Rc8 20. Rfd1 Nf6 21. Ng3 Qc7 22. c4 Rfd8 23. Bc3 Qb6 24. Rac1 Bb4 25. Ba1 Bd6 26. c5 Qb4 27. cxd6 Rxd6 28. d5 exd5 29.
Bxf6 Rxf6 30. Rxd5 Re6 31. Re5 Rce8 32. Rxe6 Rxe6 33.
Rd1 Bb1 34. Qd2 Qxd2 35. Rxd2 Re1+ 36. Kh2 Rc1 37. Be4 c5 38. Bxb1 Rxb1 39. Ne4 Rb2 40. Kg3 c4 41. bxc4 Rb4 42. Rc2 b5 43. Nd6 bxc4 44.
Nxc4 Ra4 45. Rc3 1-0

[Event "Early-Titled-Tuesday-Blitz-April-16-2024"]
[Site "Chess.com"]
[Date "2024.04.16"]
[Round "4"]
[White "GelmanAlexander"]
[Black "Josgar05"]
[Result "0-1"]
[WhiteElo "2660"]
[BlackElo "2436"]
[TimeControl "180+1"]
[EndTime "8:39:58 PDT"]
[Termination "Josgar05 won by resignation"]

1. c4 c6 2. Nf3 d5 3. b3 Nf6 4.
Bb2 h6 5. d3 g6 6. Nbd2 Bg7 7.
e3 O-O 8. Be2 Re8 9. O-O Nbd7 10. Qc2 e5 11. cxd5 cxd5 12. Rac1 a6 13. Qc7 Qxc7 14.
Rxc7 Bf8 15. Rfc1 Bd6 16. R7c2 Nb6 17. a4 a5 18. d4 e4 19. Ne5 Be6 20. f3 exf3 21.
gxf3 Rac8 22. Kf2 Bb4 23. Bb5 Bf5 24. Bxe8 Rxc2 25. Bxf7+ Kg7 26. Rxc2 Bxc2 27. Ke2 Bxd2 28. Kxd2 Bxb3 29. Bxg6 Bxa4 30. Bd3 Be8 31. e4 a4 32. Ba3 h5 33. h4 Nc8 34. Kc3 b5 35. Bc5 Nd7 36.
Nxd7 Bxd7 37. Kb4 Kf7 38. Bxb5 a3 39. Kxa3 Bxb5 40. Kb4 Be2 41. exd5 Bxf3 42. d6 Bd5 43. Kc3 Ke6 44. Kd3 Nxd6 45. Bxd6 Kxd6 46. Ke3 Ke6 47.
Kf4 Kf6 48. Kg3 Kf5 49. Kf2 Kg4 0-1

[Event "Early-Titled-Tuesday-Blitz-April-16-2024"]
[Site "Chess.com"]
[Date "2024.04.16"]
[Round "4"]
[White "levallem"]
[Black "Silvederione"]
[Result "1-0"]
[WhiteElo "2348"]
[BlackElo "2511"]
[TimeControl "180+1"]
[EndTime "8:39:58 PDT"]
[Termination "levallem won on time"]

1. d4 Nf6 2. Nf3 g6 3. e3 Bg7 4.
Be2 O-O 5. O-O d6 6. b3 b6 7. Bb2 Bb7 8. c4 Nbd7 9. a4 a5 10. Nc3 e5 11. d5 Nc5 12. Nd2 Nfd7 13. e4 Bh6 14. Bc1 f5 15. f3 Be3+ 16. Kh1 Qg5 17. Rb1 Nf6 18. Rb2 Nh5 19. Qe1 Bf4 20. Ndb1 Bc8 21. g3 Bxc1 22. Qxc1 Qe7 23. Kg2 Nf6 24. Nd2 Qg7 25. Qb1 h5 26. Rf2 h4 27.
Nf1 Qh6 28. Bd3 fxe4 29. Bxe4 hxg3 30. hxg3 Kg7 31. Kg1 Qg5 32. Rh2 Bd7 33. Rbg2 Rh8 34. Qc2 Rxh2 35. Rxh2 Nh5 36. Rg2 Nf6 37. Qd2 Qxd2 38.
Nxd2 Bh3 39. Rh2 Bd7 40. Kf2 Rf8 41. Ke3 1-0

[Event "Early-Titled-Tuesday-Blitz-April-16-2024"]
[Site "Chess.com"]
[Date "2024.04.16"]
[Round "4"]
[White "kripri"]
[Black "Bastiandash"]
[Result "0-1"]
[WhiteElo "2340"]
[BlackElo "2538"]
[TimeControl "180+1"]
[EndTime "8:39:59 PDT"]
[Termination "Bastiandash won by resignation"]

1. e4 c5 2. Nf3 e6 3. d4 cxd4 4. Nxd4 a6 5. Bd3 Qb6 6. Nb3 Qc7 7. O-O Nf6 8. Qe2 d6 9. c4 Be7 10. Nc3 b6 11. Be3 Bb7 12. Rac1 Nbd7 13. Rfd1 O-O 14.
f3 Rac8 15. Nd2 Qb8 16. b3 d5 17. cxd5 exd5 18. exd5 Bd6 19. g3 Rfe8 20. Nde4 Ba3 21. Rc2 b5 22. Bf4 Qa7+ 23. Be3 Qa8 24. Nb1 Bb4 25.
a3 Bf8 26. Nxf6+ Nxf6 27. Qf2 Rxc2 28. Bxc2 Nxd5 29. Bd4 Ne7 30. b4 Ng6 31. f4 Ne7 32. Re1 Nd5 33. Rxe8 Qxe8 34. Nc3 Nxc3 35. Bxc3 Qc6 36. Qd2 Qh1+ 37. Kf2 Qxh2+ 38. Ke3 Qxg3+ 39. Kd4 g6 40. Qe3 Bg7+ 41. Kd3 Qxe3+ 42. Kxe3 Bxc3 43. Bd3 Bb2 0-1

[Event "Early-Titled-Tuesday-Blitz-April-16-2024"]
[Site "Chess.com"]
[Date "2024.04.16"]
[Round "4"]
[White "Massakru"]
[Black "Grossboss19"]
[Result "0-1"]
[WhiteElo "2367"]
[BlackElo "2587"]
[TimeControl "180+1"]
[EndTime "8:40:00 PDT"]
[Termination "Grossboss19 won by resignation"]

1. e4 c5 2. Nf3 Nc6 3. c3 e6 4. d4 cxd4 5. cxd4 Nf6 6. e5 Nd5 7. a3 d6 8. Bd3 Be7 9. O-O h6 10. Re1 dxe5 11. dxe5 Bd7 12. Qe2 Rc8 13. Bd2 Qb6 14. Nc3 Nd4 15. Nxd4 Qxd4 16. Nxd5 Qxd5 17. Rad1 Ba4 18. Rc1 O-O 19. Bc3 Rfd8 20. Bb1 Bb5 21. Qg4 Bg5 22. Rcd1 Qc4 23. Rxd8+ Rxd8 24. Qg3 Bd2 25.
Rd1 Qe2 26. Qf3 Qxf3 27. gxf3 Bg5 28. Rxd8+ Bxd8 29. Be4 Bc6 30. Bxc6 bxc6 31. f4 Kh7 32.
Kg2 Kg6 33. Kf3 Kf5 34. Bd4 a6 35. Bc5 Ba5 36. b4 Bd8 37. Bf8 g5 38. Bxh6 g4+ 39. Ke3 Bb6+ 40. Ke2 Ke4 41. Bg5 Bd4 42. Bh6 Bb2 43.
a4 Bc3 44. b5 cxb5 45. axb5 axb5 46. Kd1 Kd3 47. Kc1 Bd4 48. Kb1 Bxf2 49. Kb2 Bg1 50. f5 Bxh2 51. fxe6 fxe6 52. Kb3 Bxe5 53. Kb4 g3 0-1

[Event "Early-Titled-Tuesday-Blitz-April-16-2024"]
[Site "Chess.com"]
[Date "2024.04.16"]
[Round "4"]
[White "dropstoneDP"]
[Black "Stanbad1"]
[Result "1-0"]
[WhiteElo "3067"]
[BlackElo "2575"]
[TimeControl "180+1"]
[EndTime "8:40:02 PDT"]
[Termination "dropstoneDP won by resignation"]

1. e4 e6 2. d4 d5 3. Nc3 Nf6 4.
e5 Nfd7 5. f4 c5 6. Nf3 Nc6 7.
Be3 a6 8. a3 cxd4 9. Nxd4 Bc5 10. Qd2 Qc7 11. Be2 b5 12. Nd1 Bb7 13. O-O O-O 14. c3 Na5 15. b4 Bxd4 16. Bxd4 Nb3 17. Qb2 Nxa1 18. Ne3 f6 19. exf6 Nxf6 20. Qxa1 Ne4 21.
g3 Rac8 22. Bg4 Rfe8 23. Rc1 Rcd8 24. a4 e5 25. fxe5 Rxe5 26. axb5 Rg5 27. bxa6 Bc8 28. a7 Bxg4 29. a8=Q Rxa8 30. Qxa8+ Bc8 31. Nxd5 Qd8 32.
Qxc8 Rxd5 33. Qxd8+ Rxd8 34. Rc2 Rc8 35. Kg2 Nd6 36. Re2 Rc4 37. Re5 g6 38. Rc5 Kf7 39. Rxc4 Nxc4 40. Kf3 Ke6 41. Ke4 Nd6+ 42. Kd3 Kd5 43. g4 Nc4 44. b5 Nd6 45. b6 Kc6 46. c4 h5 47. c5 Nb7 48. gxh5 gxh5 49. Ke4 Kb5 50. Kd5 Na5 51. h4 Nc6 52. Bf6 Na5 53.
Bg5 Nc6 54. b7 Nb8 55. Bf4 1-0

[Event "Early-Titled-Tuesday-Blitz-April-16-2024"]
[Site "Chess.com"]
[Date "2024.04.16"]
[Round "4"]
[White "Beca95"]
[Black "vladgoncharov"]
[Result "0-1"]
[WhiteElo "2860"]
[BlackElo "2614"]
[TimeControl "180+1"]
[EndTime "8:40:04 PDT"]
[Termination "vladgoncharov won by resignation"]

1. e4 e6 2. d3 c5 3. Nd2 Nc6 4.
g3 g6 5. Bg2 Bg7 6. f4 d6 7. Nh3 Nge7 8. c3 Rb8 9. Nf3 b5 10. d4 cxd4 11. cxd4 d5 12. e5 h5 13. Nhg1 Nf5 14. Ne2 b4 15. Bh3 Nh6 16. b3 Ba6 17. Be3 Bb5 18. Rc1 a5 19. O-O Bf8 20. Rf2 Be7 21. Qd2 a4 22. Ng5 Nf5 23. Bxf5 gxf5 24.
Qd1 axb3 25. axb3 Kf8 26. Kg2 Kg7 27. Ng1 Qd7 28. Rfc2 Rbc8 29. N1h3 Ba6 30. Nf2 Na5 31. Rxc8 Bxc8 32. Ra1 Nc6 33. h3 Bb7 34. g4 hxg4 35. hxg4 Bxg5 36. fxg5 Nxe5 37. gxf5 exf5 38. dxe5 d4+ 39.
Kg3 Qd5 40. Bxd4 Qg2+ 41. Kf4 Rh4+ 42. Ke3 Qg3+ 43. Ke2 Bf3+ 44. Ke1 Qg1+ 45. Kd2 Rxd4+ 46. Ke3 Rxd1 0-1

[Event "Early-Titled-Tuesday-Blitz-April-16-2024"]
[Site "Chess.com"]
[Date "2024.04.16"]
[Round "4"]
[White "kecalk"]
[Black "ulises2013"]
[Result "0-1"]
[WhiteElo "2521"]
[BlackElo "2709"]
[TimeControl "180+1"]
[EndTime "8:40:04 PDT"]
[Termination "ulises2013 won by checkmate"]

1. Nf3 g6 2. g3 Bg7 3. Bg2 c5 4. c4 Nc6 5. O-O Nf6 6. Nc3 O-O 7. d4 cxd4 8. Nxd4 d6 9. Nxc6 bxc6 10. Bxc6 Bh3 11.
Bg2 Bxg2 12. Kxg2 Rc8 13. Qd3 Qc7 14. Be3 Qxc4 15. Qxc4 Rxc4 16. Bxa7 Ra8 17. Be3 Kf8 18. Bd2 Ke8 19. Rfc1 Nd7 20. Rc2 Kd8 21. Rac1 Rcc8 22. b3 Ra6 23. Na4 Rb8 24. Bc3 Bxc3 25. Rxc3 Nb6 26. Nxb6 Rbxb6 27. R1c2 Rb7 28. Rb2 Ra3 29.
Kf3 Kd7 30. Ke3 Rba7 31. Rcc2 e5 32. Kd2 f5 33. Kc1 g5 34. Kb1 h5 35. Rc4 Ke6 36. Rbc2 R7a6 37. Rc6 Rxa2 38. Rxd6+ Rxd6 39. Kxa2 Rd1 40. b4 Kd7 41. b5 Rd5 42. Rb2 Kc7 43. b6+ Kb7 44. e3 e4 45. Ka3 Ra5+ 46. Kb4 Kxb6 47. Kc3+ Kc5 48. Kd2 Ra1 49. Rc2+ Kd5 50. Rb2 g4 51.
Rb5+ Ke6 52. Rb6+ Ke5 53. Rb5+ Kf6 54. Rb6+ Kg5 55. Ke2 Rh1 56. Rb8 Rxh2 57. Rg8+ Kf6 58. Rf8+ Kg6 59. Rg8+ Kf7 60. Rh8 Rh1 61. Rh6 Kg7 62.
Rb6 h4 63. gxh4 Rxh4 64. Kf1 Rh2 65. Kg1 Rh3 66. Kg2 Rf3 67. Ra6 Kf7 68. Rb6 g3 69.
fxg3 Rxe3 70. Ra6 Rf3 71. Rb6 Ra3 72. Rc6 Ra2+ 73. Kf1 Rd2 74. Rb6 Ke7 75. Ra6 Rd6 76. Ra5 Kf6 77. Ke2 Kg5 78. Ke3 Kg4 79. Rb5 Rd3+ 80. Kf2 Rf3+ 81. Ke2 Kxg3 82. Rb8 Kf4 83. Rg8 Ra3 84. Rh8 Ra2+ 85. Ke1 Ke5 86. Rh5 Rb2 87. Rg5 e3 88. Rh5 Ke4 89. Rh8 f4 90. Re8+ Kf3 91.
Kd1 Rb1+ 92. Kc2 Rh1 93. Kd3 Rd1+ 94. Kc2 e2 95. Re7 e1=Q 96. Rxe1 Rxe1 97. Kb2 Re3 98. Ka2 Ke4 99. Kb2 f3 100. Ka2 f2 101. Kb2 f1=Q 102. Ka2 Qf2+ 103. Ka1 Re1# 0-1

[Event "Early-Titled-Tuesday-Blitz-April-16-2024"]
[Site "Chess.com"]
[Date "2024.04.16"]
[Round "4"]
[White "IsmaelAmadorGarcia"]
[Black "DeArron_Fox"]
[Result "0-1"]
[WhiteElo "2325"]
[BlackElo "2523"]
[TimeControl "180+1"]
[EndTime "8:40:06 PDT"]
[Termination "DeArron_Fox won on time"]

1. e4 c5 2. Nf3 e6 3. c4 Nc6 4.
Nc3 Nd4 5. g3 Ne7 6. Bg2 Nec6 7.
O-O g6 8. d3 Bg7 9. Nb5 O-O 10.
Nd6 a6 11. Rb1 b5 12. a3 Qe7 13. Nxc8 Rfxc8 14. Nd2 Ne5 15. Nb3 bxc4 16. dxc4 Nxc4 17. Bf4 d6 18. e5 d5 19. Nxd4 cxd4 20. Qxd4 Qa7 21.
Qd1 Nxe5 22. Re1 Nc4 23. Qd3 Nxb2 24. Qe2 Nc4 25. Bh3 Nxa3 26. Rb3 Nb5 27. Qg4 Rc2 28. Rf3 Nd4 29. Rfe3 Nf5 30. R3e2 h5 31. Qf3 Nd4 32. Qd3 Nxe2+ 33. Rxe2 Rxe2 34. Qxe2 a5 35. Be3 Qa6 36. Qd2 a4 37. Bf1 Qa5 38. Qa2 a3 39.
Bd2 Qb6 40. Bc1 Qc5 41. Be3 Qb4 42. Qe2 a2 0-1

[Event "Early-Titled-Tuesday-Blitz-April-16-2024"]
[Site "Chess.com"]
[Date "2024.04.16"]
[Round "4"]
[White "JG-17"]
[Black "CD3m"]
[Result "0-1"]
[WhiteElo "2517"]
[BlackElo "2356"]
[TimeControl "180+1"]
[EndTime "8:40:07 PDT"]
[Termination "CD3m won by resignation"]

1. d4 d5 2. c4 c6 3. Nf3 Nf6 4. e3 Bf5 5. Nc3 e6 6. Be2 Nbd7 7. O-O Bd6 8. Nh4 Bg6 9. Nxg6 hxg6 10. h3 Qe7 11. a3 dxc4 12. Bxc4 e5 13. d5 Nb6 14.
dxc6 Nxc4 15. cxb7 Qxb7 16. Qa4+ Qd7 17. Qxc4 O-O 18.
Rd1 Rac8 19. Qd3 Rfd8 20. b4 e4 21. Qd4 Rxc3 22. Qxc3 Bh2+ 23. Kxh2 Qxd1 24. Bb2 Qe2 25. Qc7 Rd2 26. Bxf6 Qxf2 27. Qc8+ Kh7 28. Qg4 gxf6 29. Qxe4 Re2 30. Qd5 Kg7 31. Rc1 Rxe3 32. Qd6 Re2 33. Qg3 Qxg3+ 34. Kxg3 Re3+ 35. Kf4 Rxa3 36. Rc7 Ra4 37. Kf3 Rxb4 38. Rxa7 g5 39. g4 Kg6 40. Ra5 Rb3+ 41. Kg2 Rc3 42. Rf5 Rc4 43. Ra5 Rf4 44. Ra6 Kg7 45. Kg3 f5 46. Ra5 Kg6 47. Ra6+ f6 48. Ra7 Rb4 49. gxf5+ Kxf5 50. Ra5+ Kg6 51.
Ra6 Rc4 52. Rb6 Rd4 53. Ra6 Re4 54. Rb6 Kf5 55. Rb5+ Re5 56. Rb3 Rd5 57. Rf3+ Kg6 58. Ra3 f5 59. Ra6+ Kh5 60. Ra3 Re5 61. Rb3 f4+ 62. Kf3 Kh4 63. Kf2 Re3 64. Rb5 Rxh3 65. Kg2 Rg3+ 66. Kh2 Kg4 67. Rb7 Rc3 68. Kg2 Rc2+ 69. Kg1 Kf3 70. Rb3+ Kg4 71. Kh1 f3 72. Rb1 Kg3 73. Rg1+ Rg2 74. Rb1 Rh2+ 75. Kg1 g4 76.
Rc1 f2+ 77. Kf1 Rh1+ 78. Ke2 Rxc1 0-1

[Event "Early-Titled-Tuesday-Blitz-April-16-2024"]
[Site "Chess.com"]
[Date "2024.04.16"]
[Round "4"]
[White "DonJuanEGenaro"]
[Black "balack95"]
[Result "0-1"]
[WhiteElo "2007"]
[BlackElo "2444"]
[TimeControl "180+1"]
[EndTime "8:40:07 PDT"]
[Termination "balack95 won by resignation"]

1. d4 Nf6 2. Nf3 e6 3. e3 b6 4. Bd3 Bb7 5. Nbd2 Be7 6. e4 d6 7. e5 Nd5 8. c3 Nf4 9. Bf1 dxe5 10. dxe5 Nd3+ 11. Bxd3 Qxd3 12. Qa4+ Bc6 13. Qd4 Qa6 14. Qg4 O-O 15. Ne4 Bxe4 16. Qxe4 Nd7 17. Ng5 Bxg5 18.
Bxg5 Nc5 19. Qe2 Nd3+ 20. Kf1 Rad8 21. Bxd8 Rxd8 22. Rd1 Qxa2 23. g3 c5 24. Kg2 c4 25.
Rd2 Rd5 26. Rhd1 h6 27. b4 Qb3 28. Qe4 Qxc3 29. b5 Rxe5 30. Rxd3 cxd3 31. Rxd3 Rxe4 32. Rxc3 Rb4 33. Rc7 Kh7 34. Rxf7 Rxb5 35. Rxa7 Kg6 36. g4 Rb3 37. f3 Kf6 38. Kg3 b5 39. h4 b4 40. g5+ hxg5 41. hxg5+ Kxg5 42. Rxg7+ Kf5 43.
Rf7+ Ke5 44. Rb7 Rb2 45. Rb6 Kd5 46. f4 b3 47. Kf3 Rb1 48. Rb5+ Kc4 49. Rb6 b2 50.
Kg2 Kd5 51. Rb4 Kc5 52. Rb8 Kc4 53. Rc8+ Kd3 54. Rb8 Ke3 55. Rb4 Kd3 56. Rb6 Ke4 57. Rb4+ Ke3 58. Kh2 Rf1 59. Rxb2 Rf2+ 60. Rxf2 Kxf2 61.
Kh3 Kf3 62. Kh2 Kxf4 63. Kg2 Ke3 64. Kf1 e5 65. Ke1 e4 0-1